 Dungeon Crawl Stone Soup version 0.19.3-1-g3169bf9 (console) character file.

252 Grinner the Cudgeler (level 6, -2/66 HPs)
             Began as an Ogre Monk on Jan 26, 2017.
             Slain by a gnoll
             ... wielding a +0 halberd
              (10 damage)
             ... on level 4 of the Dungeon.
             The game lasted 00:04:22 (3014 turns).

Grinner the Cudgeler (Ogre Monk)                    Turns: 3014, Time: 00:04:22

Health: -2/66      AC:  3    Str: 24    XL:     6   Next: 13%
Magic:  6/6        EV: 11    Int:  9    God:
Gold:   239        SH:  0    Dex: 14    Spells: 0 memorised, 5 levels left

rFire  . . .     SeeInvis .     a - +2 whip (venom)
rCold  . . .     Gourm    .     b - +0 robe
rNeg   + . .     Faith    .     (no shield)
rPois  .         Spirit   .     (helmet restricted)
rElec  .         Reflect  .     (no cloak)
rCorr  .         Harm     .     (gloves unavailable)
MR     .....                    (boots unavailable)
Stlth  ++........               (no amulet)
                                t - +2 ring of dexterity
                                k - ring of positive energy

@: mighty
A: unfitting armour, tough skin 1
a: no special abilities


You were on level 4 of the Dungeon.
You were not hungry.

You visited 1 branch of the dungeon, and saw 4 of its levels.

You collected 239 gold pieces.

Inventory:

Hand Weapons
 a - a +2 whip of venom (weapon)
Missiles
 r - 7 tomahawks (quivered)
Armour
 b - a +0 robe (worn)
Jewellery
 k - a ring of positive energy (left hand)
 t - a +2 ring of dexterity (right hand)
Scrolls
 d - 4 scrolls of remove curse {unknown}
 e - 8 scrolls of identify {unknown}
 h - a scroll of blinking {unknown}
 j - a scroll of enchant weapon {unknown}
 n - a scroll of fog {unknown}
 o - a scroll of recharging {unknown}
Potions
 f - a potion of degeneration {unknown}
 g - a potion of haste {unknown}
 i - a potion of might
 l - a potion of cancellation {unknown}
 m - 2 potions of curing
 p - a potion of agility {unknown}
Comestibles
 c - 2 bread rations
 q - a meat ration
 s - a beef jerky
 u - a royal jelly


   Skills:
 + Level 5.6 Fighting
 * Level 6.4 Maces & Flails
 + Level 1.1 Throwing
 + Level 3.8 Dodging
 - Level 1.4 Stealth


You had 5 spell levels left.
You didn't know any spells.

Dungeon Overview and Level Annotations

Branches:
Dungeon (4/15)
 Temple: D:4-7

Altars:
Hepliaklqana


Innate Abilities, Weirdness & Mutations

You are too large for most types of armour.
You have tough skin. (AC +1)


Message History

The gnoll hits you with a halberd!
You hit the worker ant but do no damage.
The worker ant is poisoned.
The worker ant bites you!
* * * LOW HITPOINT WARNING * * *
You are poisoned.
The worker ant poisons you!
You are too injured to fight recklessly!
You feel sick.
The gnoll hits you from afar with a halberd!
* * * LOW HITPOINT WARNING * * *
It was a potion of might.
You feel very mighty all of a sudden. The worker ant bites you.
* * * LOW HITPOINT WARNING * * *
You are more poisoned.
The worker ant poisons you! The gnoll closely misses you.
It was a potion of curing.
You feel better. The worker ant bites you.
* * * LOW HITPOINT WARNING * * *
The gnoll hits you from afar with a halberd!
You die...

#.####
#....#
####.#
#.# #.#
#.# #.#
####.#
#...@#
#...a#
#...g#
#....#
......#
...#...##
...#...
.. #...
####


You could see a worker ant and a gnoll.

Vanquished Creatures
  An orc wizard (D:4)
  An orc priest (D:4)
  Ijyb (D:2)
  3 gnolls (D:4)
  6 adders
  An adder skeleton (D:4)
  4 dart slugs
  2 worms (D:3)
  5 leopard geckos
  3 orcs
  2 giant cockroaches
  8 goblins
  7 hobgoblins
  6 kobolds
  A ball python (D:3)
  8 bats
  9 frilled lizards
  7 rats (D:2)
75 creatures vanquished.

Notes
Turn   | Place    | Note
-------+----------+-------------------------------------------
     0 | D:1      | Grinner the Ogre Monk began the quest for the Orb.
     0 | D:1      | Reached XP level 1. HP: 24/24 MP: 1/1
    69 | D:1      | Reached XP level 2. HP: 19/32 MP: 2/2
   720 | D:2      | Reached XP level 3. HP: 24/40 MP: 3/3
  1308 | D:2      | Reached skill level 5 in Maces & Flails
  1310 | D:2      | Reached XP level 4. HP: 28/49 MP: 4/4
  1632 | D:2      | Noticed Ijyb
  1641 | D:2      | Killed Ijyb
  1838 | D:2      | Reached skill level 5 in Fighting
  1995 | D:3      | Reached XP level 5. HP: 56/57 MP: 5/5
  2236 | D:3      | Found a hazy altar of Hepliaklqana.
  2517 | D:3      | Reached skill level 6 in Maces & Flails
  2870 | D:4      | Reached XP level 6. HP: 46/66 MP: 6/6
  2957 | D:4      | Reached skill level 1 in Throwing
  3012 | D:4      | HP: 3/66 [gnoll/halberd (11)]
  3013 | D:4      | HP: 1/66 [worker ant (2)]
  3014 | D:4      | Slain by a gnoll

Skill      XL: |  1  2  3  4  5  6 |
---------------+-------------------+-----
Dodging        | 3 |  3.8
Maces & Flails | 5 6 |  6.4
Fighting       | 5 |  5.6
Throwing       | 1 |  1.1
Stealth        | |  1.4

Action                   |  1- 3 |  4- 6 || total
-------------------------+-------+-------++-------
Melee: Mace              |    97 |    85 ||   182
       Whip              |       |    69 ||    69
  Use: Potion            |       |     2 ||     2
 Stab: Sleeping          |     6 |     5 ||    11
  Eat: Chunk             |     1 |     6 ||     7
Armor: Robe              |    25 |    29 ||    54
Dodge: Dodged            |    68 |   100 ||   168
